 Dungeon Crawl Stone Soup version 0.30.1-4-g462c640d31 (webtiles) character file.

Game seed: 5785555200153603107

197 HagarQim the Sneak (level 5, 0/32 HPs)
             Began as an Octopode Fire Elementalist on Sept 6, 2023.
             Slain by a gnoll
             ... wielding a +4 halberd
             ... led by a gnoll bouda
              (10 damage)
             ... on level 4 of the Dungeon.
             The game lasted 00:09:51 (3776 turns).

HagarQim the Sneak (Octopode Fire Elementalist)     Turns: 3776, Time: 00:09:53

Health: 0/32       AC:  1    Str:  8    XL:     5   Next: 75%
Magic:  5/9        EV: 13    Int: 25    God:
Gold:   130        SH:  0    Dex: 12    Spells: 5/9 levels left

rFire   . . .        e - +1 dagger (speed)
rCold   . . .        (no shield)
rNeg    . . .        (helmet restricted)
rPois   .            (no amulet)
rElec   .            j - ring of wizardry
rCorr   .            h - +6 ring of intelligence
SInv    .            (no ring)
Will    .....        (no ring)
Stlth   ++++         (no ring)
HPRegen 0.25/turn    (no ring)
MPRegen 0.11/turn    (no ring)
                     (no ring)

%: wizardry (x1)
@: no status effects
A: almost no armour, amphibious, 8 rings, camouflage 1, gelatinous body 1,
(nimble swimmer 1), tentacles
a: no special abilities


You were on level 4 of the Dungeon.
You visited 1 branch of the dungeon, and saw 4 of its levels.

You collected 130 gold pieces.

Inventory:

Hand Weapons
 e - a +1 dagger of speed (weapon)
Armour
 k - an orb of energy
Jewellery
 h - a +6 ring of intelligence (right tentacle)
 j - a ring of wizardry (left tentacle)
Wands
 m - a wand of polymorph (2)
 p - a wand of flame (19)
Scrolls
 f - a scroll of fear
 o - 2 scrolls of blinking
Potions
 a - a potion of magic
 b - 3 potions of curing
 c - 2 potions of invisibility
 d - a potion of brilliance {unknown}
 g - 2 potions of berserk rage {unknown}
 i - a potion of ambrosia {unknown}
 l - 2 potions of might {unknown}


   Skills:
 * Level 0.9 Fighting
 + Level 1.3 Short Blades
 + Level 2.3 Dodging
 + Level 4.7 Stealth
 + Level 0.1 Unarmed Combat
 + Level 2.8 Spellcasting
 * Level 1.7 Conjurations
 + Level 4.0 Fire Magic


You had 5 spell levels left.
You knew the following spells:

 Your Spells              Type           Power      Damage    Failure   Level
a - Foxfire               Conj/Fire      72%        2x1d7     1%          1
b - Scorch                Fire           46%        2d6       1%          2
c - Beastly Appendage     Tmut           6%         N/A       4%          1

Your spell library contained the following spells:

 Spells                   Type           Power      Damage    Failure   Level
 Momentum Strike          Conj/Tloc      16%        3d8       4%          2
 Inner Flame              Hex/Fire       13%        N/A       5%          3
 Volatile Blastmotes      Fire/Tloc      26%        2d12      5%          3
 Blink                    Tloc           6%         N/A       6%          2
 Lesser Beckoning         Tloc           6%         N/A       6%          2
 Wereblood                Tmut           3%         N/A       6%          2
 Spider Form              Tmut/Pois      3%         N/A       12%         3
 Flame Wave               Conj/Fire      18%        2d7       12%         4


Dungeon Overview and Level Annotations

Branches:
Dungeon (4/15)
 Temple: D:4-7

Altars:

Shops:
D:2 [


Innate Abilities, Weirdness & Mutations

You cannot wear most types of armour.
You are amphibious.
You can wear up to eight rings at the same time.
Your skin changes colour to match your surroundings (Stealth+).
Your rubbery body absorbs attacks. (AC +1, EV +1)
((You are camouflaged when in or above water. (Stealth+)))
You have tentacles for arms and can constrict up to eight enemies at once.


Message History

You hit the gnoll bouda but do no damage.
Your grab misses the gnoll bouda.
You pierce the gnoll bouda, but do no damage.
You squeeze the gnoll bouda.
The gnoll bouda is lightly wounded.
The gnoll bouda barely misses you. The gnoll barely misses you.
You hit the gnoll bouda but do no damage.
You grab the gnoll bouda.
You pierce the gnoll bouda, but do no damage.
The gnoll bouda is lightly wounded.
Your tentacle spike disappears.
You constrict the gnoll bouda.
You hit the gnoll bouda but do no damage.
The gnoll bouda is lightly wounded.
You constrict the gnoll bouda, but do no damage.
The gnoll bouda closely misses you. The gnoll misses you.
You hit the gnoll bouda but do no damage.
You squeeze the gnoll bouda.
The gnoll bouda is moderately wounded.
You constrict the gnoll bouda, but do no damage.
The gnoll bouda hits you with a +0 whip!
Casting: Beastly Appendage (safe; 4% risk of failure)
Confirm with . or Enter, or press ? or * to list all spells.
Flames lash the gnoll.
The gnoll is severely wounded.
The gnoll's fire resistance burns away.
Your attacks no longer feel as feeble.
You constrict the gnoll bouda.
You hear a shout!
The gnoll closely misses you.
A gnoll comes into view. It is wielding a +0 spear.
The gnoll bouda misses you.
Casting: Scorch (safe; 1% risk of failure)
Confirm with . or Enter, or press ? or * to list all spells.
Flames lash the gnoll bouda.
The gnoll bouda is severely wounded.
The gnoll bouda's fire resistance burns away.
You constrict the gnoll bouda.
The gnoll hits you from afar with a +4 halberd!
You die...

##..#....#.#.........###
...........+.........'..
........##.#.........###
###........##.......##
#####.######.....## #.#
##...## #.# ##'## #.#
#.# #@# #.# #g# ##.##
#g# #.<.# #g. #.....#
### ##...## ##.## ...
###


You could see a gnoll bouda (combustible) and 2 gnolls.

Vanquished Creatures
  An orc priest (D:4)
  Ijyb (D:3)
  3 gnolls
  4 adders
  2 worms (D:2)
  2 dart slugs (D:1)
  4 orcs
  2 ball pythons
  9 endoplasms
  6 goblins
  6 hobgoblins
  5 jackals (D:2)
  7 kobolds
  A quokka (D:3)
  2 bats (D:1)
  4 frilled lizards
  6 rats
65 creatures vanquished.

Vanquished Creatures (others)
  62 foxfires
62 creatures vanquished.

Grand Total: 127 creatures vanquished

Notes
Turn   | Place    | Note
-------+----------+-------------------------------------------
     0 | D:1      | HagarQim the Octopode Fire Elementalist began the quest for
                  | the Orb.
     0 | D:1      | Reached XP level 1. HP: 11/11 MP: 3/3
   247 | D:1      | Reached XP level 2. HP: 17/17 MP: 1/5
   251 | D:1      | Learned a level 2 spell: Scorch
  1055 | D:1      | Reached XP level 3. HP: 21/21 MP: 1/6
  1522 | D:2      | Reached XP level 4. HP: 19/27 MP: 7/7
  2294 | D:2      | Found Seorphom's Antique Armour Shop.
  2910 | D:3      | Noticed Ijyb
  2915 | D:3      | Killed Ijyb
  2916 | D:3      | Reached XP level 5. HP: 32/32 MP: 4/9
  3426 | D:3      | Learned a level 1 spell: Beastly Appendage
  3764 | D:4      | Reached skill level 1 in Short Blades
  3776 | D:4      | Slain by a gnoll

Illustrated notes

Levels and vault maps discovered:
D:1:      eino_arrival_water_cross, layout_basic
D:2:      layout_loops_ring, serial_shops, shop
D:3:      layout_rooms, uniq_ijyb
D:4:      layout_loops_corners, minivault_4, minmay_box_of_dots

Skill      XL: |  1  2  3  4  5 |
---------------+----------------+-----
Stealth        | 3 4 |  4.7
Fire Magic     | 4 |  4.0
Short Blades   | 1 |  1.3
Fighting       | |  0.9
Dodging        | |  2.3
Unarmed Combat | |  0.1
Spellcasting   | |  2.8
Conjurations   | |  1.7

Action                     |  1- 3 |  4- 6 || total
---------------------------+-------+-------++-------
  Melee: Unarmed           |    13 |       ||    13
         Constrict         |     7 |    10 ||    17
         Tentacles         |     6 |    12 ||    18
         Dagger            |    35 |    44 ||    79
         Kick              |       |     7 ||     7
         Punch             |       |     1 ||     1
   Cast: Foxfire           |    23 |    20 ||    43
         Scorch            |     6 |    20 ||    26
         Beastly Appendage |       |     3 ||     3
    Use: Scroll            |     4 |     8 ||    12
   Stab: Sleeping          |     1 |     5 ||     6
 Armour: Skin              |     6 |     1 ||     7
  Dodge: Dodged            |    29 |    19 ||    48
